 BcadrenCrawl: Boulder Brew version 0.04-3-g5ec7fb31a4 (webtiles) character file.

Game seed: 8259278820137257398, levelgen mode: deterministic

103 Chiseanne the Ducker (level 5, -2/36 HPs) Goblin Demonspawn. Began on Mar 22, 2021. Slain by a water moccasin (9 damage) ... on level 2 of the Dungeon. The game lasted 00:02:12 (935 turns).

Chiseanne the Ducker (Goblin Demonspawn)             Turns: 935, Time: 00:02:13

Health: -2/36      AC:  6    Str: 13    XL:     5 ^: 121
Magic:  6/6        EV: 15    Int:  6    God:
Gold:   37         SH:  0    Dex:  6    Spells: 5/6 levels left

rFire    . . .     Vision   .   a - +0 long sword
rCold    . . .     Gourm    .   c - +0 short sword
rNeg     . . .     Faith    .   e - +0 scale mail
rPois    .         Spirit   .   (no helmet)
rElec    .         Reflect  .   (no cloak)
rCorr    .         Harm     .   (no gloves)
MR       .....                  (no boots)
Stlth    ..........             (no amulet)
HPRegen  0.22/turn              (no ring)
MPRegen  0.16/turn              (no ring)

@: mighty, lethally poisoned (-2 -> -59)
A: small, stagnant stats, goblin's greed, repulsion field 1, low mp 1, mutation
resistance 1, spiny 1, god's pity 2
a: no special abilities


You were on level 2 of the Dungeon.
You were not hungry.

You visited 1 branch of the dungeon, and saw 2 of its levels.

You collected 31 gold pieces.

Inventory:

Weapons
 a - a +0 long sword (weapon)
 c - a +0 short sword (weapon)
Armour
 e - a +0 scale mail (worn)
Jewellery
 b - a cursed amulet of chaos {(Curse: *Contam)}
Scrolls
 f - a scroll of immolation
 h - a scroll of magic mapping
 j - a scroll of teleportation
 m - a scroll of blinking
Potions
 g - a potion of heal wounds
 i - a potion of brilliance
 l - a potion of curing
Comestibles
 d - a ration
 n - 5 chunks of flesh


   Skills:
 * Level 3.4 Fighting
 - Level 2.6 Long Blades
 * Level 2.1 Armour
 * Level 5.2 Dodging
 - Level 2.6 Stealth
 - Level 1.3 Spellcasting
 - Level 2.6 Fire Magic
   Level 4.0 Invocations


You had 5 spell levels left.
You knew the following spells:

 Your Spells              Type           Power        Failure   Level  Hunger
a - Flame Tongue          Fire           3 (30)       30%         1    ##.....

Your spell library contained the following spells:

 Spells                   Type           Power        Failure   Level  Hunger
 Conjure Flame            Fire           3 (100)      67%         3    ####...
 Blink                    Tloc           N/A          80%         2    ###....
 Call Imp                 Summ           0 (100)      80%         2    ###....
 Slow                     Hex            0 (100)      80%         2    ###....
 Mephitic Cloud           Pois/Air       0 (100)      95%         3    ####...


Dungeon Overview and Level Annotations

Branches:
Dungeon (2/8)

Altars:
Xom


Innate Abilities, Weirdness & Mutations

Your stats never grow through leveling.
Your goblin ancestry allows you to find more gold. (+20%)
You are small and have problems with some larger weapons.
You are surrounded by a mild repulsion field. (EV +2)
Your magical capacity is low. (-10% MP)
You are somewhat resistant to further mutation.
You are partially covered in sharp spines.
The pity of the gods increases the power of your passive and invoked divine abilities.


Message History

You are more poisoned.
The water moccasin poisons you (19)!!
The water moccasin is struck by your spines (1).
The water moccasin bites you but does no damage.
The water moccasin is struck by your spines (3).
The water moccasin closely misses you (0).
You closely miss the water moccasin.
You hit the water moccasin but do no damage.
You feel extremely sick. (8)
The water moccasin bites you (1).
You are more poisoned.
The water moccasin poisons you (10)!
A jelly comes into view.
The water moccasin bites you (4).
* * * LOW HITPOINT WARNING * * *
You are more poisoned.
The water moccasin poisons you (15)!
The water moccasin is struck by your spines (6).
The water moccasin bites you (9)!
You die...

..≈≈≈≈PP
#≈≈≈≈≈≈P..
#.≈≈≈≈PP;.
#..≈≈≈≈≈.#
#b≈≈≈≈≈.≈#
###≈≈≈≈P.P.#
##≈..≈...PJ.#
##..#@S.P≈≈≈..
##....≈≈.P≈≈≈.#
#≈...#.≈PPPPP..
##.≈...PPP≈≈..#
##≈...P≈≈≈≈≈..
####.≈P≈≈≈≈≈.
#..P≈≈≈≈≈#
#≈≈≈PPPP≈#
#<÷P≈PP≈P#


You could see a water moccasin, a jelly (wandering) and a neutral submerged
slimehead (wandering) (passive).

Vanquished Creatures
  A giant cockroach (D:1)
  2 adders
  4 cinder newts (D:1)
  4 dart slugs (D:1)
  2 leopard geckos (D:1)
  An adder skeleton (D:2)
  8 goblins (D:1)
  4 hobgoblins (D:1)
  A ball python (D:2)
  4 bats (D:1)
  5 kobolds (D:1)
  4 rats (D:1)
  2 withered plants (D:2)
42 creatures vanquished.

Vanquished Creatures (others)
  A leopard gecko (D:2)
  A ball python (D:2)
  A bat (D:2)
  A slimehead (D:2)
  15 withered plants (D:2)
19 creatures vanquished.

Grand Total: 61 creatures vanquished

Notes
Turn   | Place    | Note
-------+----------+-------------------------------------------
     0 | D:1      | Chiseanne the Goblin Demonspawn began the quest for the
                  | Orb.
     0 | D:1      | Reached XP level 1. HP: 13/13 MP: 2/2
    35 | D:1      | Gained mutation: You are surrounded by a mild repulsion
                  | field. (EV +2) [demonic ancestry]
    35 | D:1      | Reached XP level 2. HP: 19/19 MP: 3/3
    76 | D:1      | Found a shimmering altar of Xom.
   140 | D:1      | Reached XP level 3. HP: 25/25 MP: 4/4
   177 | D:1      | Reached skill level 1 in Armour
   345 | D:1      | Reached XP level 4. HP: 30/30 MP: 5/5
   436 | D:1      | Reached skill level 5 in Dodging
   890 | D:2      | Gained mutation: You are partially covered in sharp spines.
                  | [demonic ancestry]
   890 | D:2      | Reached XP level 5. HP: 36/36 MP: 6/6
   928 | D:2      | Noticed a water moccasin
   935 | D:2      | Slain by a water moccasin

Levels and vault maps discovered:
D:1:      scummos_arrival_simple_crosswalls, layout_basic, xom_teletrap_fun
D:2:      layout_sewer, elyvilon_niche, first_ration, basic_altar,
          minmay_crystal_room

Skill      XL: |  1  2  3  4 |
---------------+-------------+-----
Fighting       | 2 3 |  3.4
Armour         | 1 2 |  2.1
Dodging        | 5 |  5.2
Long Blades    | |  2.6
Stealth        | |  2.6
Spellcasting   | |  1.3
Fire Magic     | |  2.6
Invocations    | |  4.0

Action                   |  1- 3 |  4- 6 || total
-------------------------+-------+-------++-------
Melee: Long sword        |    45 |    62 ||   107
       Unarmed           |    16 |       ||    16
       Dagger            |    18 |    12 ||    30
       Short sword       |       |    40 ||    40
  Use: Potion            |       |     1 ||     1
  Eat: Chunk             |       |     1 ||     1
Armor: Leather armour    |     4 |       ||     4
       Scale mail        |     9 |    35 ||    44
Dodge: Dodged            |    70 |   131 ||   201
       Rpst.: Long sword |    22 |    42 ||    64
